 Dungeon Sprint DCSS version 0.24-a0-537-g2d01d4a (webtiles) character file.

Game seed: 3965587123818228589

104 silentkaos13 the Insei (level 4, -1/28 HPs)
             Began as an Octopode Transmuter on Aug 17, 2019.
             Slain by Sigmund
             ... wielding a +0 scythe
              (14 damage)
             ... in the Dungeon (Sprint I: "Red Sonja").
             The game lasted 00:00:26 (252 turns).

silentkaos13 the Insei (Octopode Transmuter)         Turns: 252, Time: 00:00:27

Health: -1/28      AC:  1    Str:  9    XL:     4   Next: 80%
Magic:  4/9        EV: 14    Int: 16    God:
Gold:   54         SH:  0    Dex: 12    Spells: 4/10 levels left

rFire    . . .     SeeInvis .     - Unarmed
rCold    . . .     Gourm    .   (no shield)
rNeg     . . .     Faith    .   (helmet restricted)
rPois    .         Spirit   .   (no amulet)
rElec    .         Reflect  .   (no ring)
rCorr    .         Harm     .   (no ring)
MR       .....     NoTele   +   (no ring)
Stlth    ++........             (no ring)
HPRegen  0.09/turn              (no ring)
MPRegen  0.11/turn              (no ring)
                                (no ring)
                                (no ring)

@: very slightly contaminated
A: almost no armour, stealthy swim, amphibious, 8 rings, constrict 8, camouflage
1, gelatinous body 1
a: no special abilities


You were in the Dungeon.
You were not hungry.

You visited 1 branch You collected 54 gold pieces.

Inventory:

Missiles
 a - 12 arrows
Scrolls
 i - a scroll of blinking
Potions
 d - a potion of curing
 e - a potion of heal wounds
 f - a potion of haste
 g - 2 potions of magic
 h - a potion of berserk rage
Comestibles
 c - a ration


   Skills:
 + Level 1.5 Fighting
 + Level 3.8 Dodging
 + Level 7.2 Unarmed Combat
 + Level 3.9 Spellcasting
 + Level 3.9 Transmutations


You had 4 spell levels left.
You knew the following spells:

 Your Spells              Type           Power        Failure   Level  Hunger
a - Beastly Appendage     Tmut           ###...       3%          1    None
b - Sticks to Snakes      Tmut           ###.....     5%          2    ##.....
c - Spider Form           Tmut/Pois      #.........   22%         3    ###....

Your spell library contained the following spells:

 Spells                   Type           Power        Failure   Level  Hunger
 Ice Form                 Ice/Tmut       #.......     58%         4    ####...
 Blade Hands              Tmut           ###.......   67%         5    ######.


Dungeon Overview and Level Annotations

Branches:
Dungeon (1/1)

Altars:

Annotations:
D Sigmund


Innate Abilities, Weirdness & Mutations

You cannot wear most types of armour.
You are very stealthy in the water. (Stealth+)
You are amphibious.
You can wear up to eight rings at the same time.
You can use your tentacles to constrict eight enemies at once.
Your skin changes colour to match your surroundings (Stealth+).
Your rubbery body absorbs attacks. (AC +1, EV +1)


Message History

Sigmund flickers and vanishes!
Deactivating autopickup; reactivate with Ctrl-A.
There is an open door here.
You barely miss something. Something barely misses you.
You closely miss something.
You hear some strange, mumbled words.
You are confused.
You're too confused to move!
You hear some strange, mumbled words.
Something tries to affect you, but you resist.
You closely miss something. You barely miss something. Something hits you!
You bump into the rock wall.
Something hits you.
You feel less confused. Something misses you.
You closely miss something.
Your transformation has ended.
Something hits you!
Ouch! That really hurt!
You die...

#############
#<.#..').#..+
#..'[.#.@'..#
#..#####'####
#..# #..#
#..# ####
#..# #⌠⌠#
####


There were no monsters in sight!

Vanquished Creatures
  An ogre (D)
  Ijyb (D)
2 creatures vanquished.

Notes
Turn   | Place    | Note
-------+----------+-------------------------------------------
     0 | D        | silentkaos13 the Octopode Transmuter began the quest for
                  | the Orb.
     0 | D        | Reached XP level 1. HP: 13/13 MP: 3/3
     2 | D        | Noticed Ijyb
    15 | D        | Killed Ijyb
    15 | D        | Reached skill level 5 in Unarmed Combat
    15 | D        | Reached XP level 2. HP: 11/18 MP: 3/5
    15 | D        | Reached XP level 3. HP: 15/23 MP: 4/7
   130 | D        | Learned a level 2 spell: Sticks to Snakes
   134 | D        | Learned a level 3 spell: Spider Form
   136 | D        | Noticed an ogre
   144 | D        | Killed an ogre
   144 | D        | Reached skill level 7 in Unarmed Combat
   144 | D        | Reached XP level 4. HP: 17/28 MP: 4/9
   241 | D        | Noticed Sigmund
   252 | D        | Slain by Sigmund

Levels and vault maps discovered:
D:        dungeon_sprint_1 [red_sonja_temple_1, red_sonja_temple_small_1]

Skill      XL: |  1  2  3 |
---------------+----------+-----
Unarmed Combat | 5 7 |  7.2
Dodging        | 3 |  3.8
Spellcasting   | 3 |  3.9
Transmutations | 3 |  3.9
Fighting       | |  1.5

Action                   |  1- 3 |  4- 6 || total
-------------------------+-------+-------++-------
Melee: Unarmed           |    19 |     5 ||    24
       Kick              |     3 |       ||     3
       Tentacles         |     2 |       ||     2
       Constrict         |     1 |       ||     1
       Punch             |     1 |       ||     1
 Cast: Beastly Appendage |     1 |       ||     1
       Spider Form       |     1 |     1 ||     2
Armor: Skin              |     2 |       ||     2
Dodge: Dodged            |    10 |     2 ||    12

Table legend:
 A = Non-vault XP
 B = Vault XP
 C = Vault XP percentage of total XP
 D = Non-vault monster count
 E = Vault monster count
 F = Vault count percentage of total count
                 A         B        C        D         E       F
            +---------+---------+-------+---------+---------+-------
      Total |       0 |     149 | 100.0 |       0 |       2 | 100.0
            +---------+---------+-------+---------+---------+-------
          D |       0 |     149 | 100.0 |       0 |       2 | 100.0
            +---------+---------+-------+---------+---------+-------
